 Dungeon Crawl Stone Soup version 0.19-a0-1007-g133f65f (webtiles) character file.

630 Gruud the Changer (level 7, 0/48 HPs)
             Began as a Demonspawn Transmuter on July 19, 2016.
             Was a Believer of Uskayaw.
             Slain by a wight
             ... wielding a +2 spear of freezing
              (2 damage)
             ... on level 4 of the Dungeon.
             The game lasted 00:17:51 (3431 turns).

Gruud the Changer (Demonspawn Transmuter)           Turns: 3431, Time: 00:17:52

Health: 0/48       AC:  2    Str: 10    XL:     7   Next: 24%
Magic:  8/10       EV: 21    Int: 14    God:    Uskayaw [**....]
Gold:   219        SH:  0    Dex: 21    Spells: 3 memorised, 4 levels left

rFire  . . .     SeeInvis .       - Unarmed
rCold  . . .     Gourm    .     (armour currently unavailable)
rNeg   . . .     Faith    .     (shield currently unavailable)
rPois  x         Spirit   .     (helmet currently unavailable)
rElec  .         Dismiss  .     (cloak currently unavailable)
rCorr  .         Reflect  .     (gloves currently unavailable)
SustAt .         Harm     .     (boots currently unavailable)
MR     .....                    (no amulet)
Stlth  ++++......               (no ring)
                                (no ring)

@: spider-form, drained, not resistant to hostile enchantments, stealthy
A: (talons 0), nightstalker 2, rot immunity
a: End Transformation, Stomp, Line Pass, Renounce Religion


You were on level 4 of the Dungeon.
You worshipped Uskayaw.
Uskayaw was noncommittal.
You were not hungry.
You were a venomous arachnid creature.
You visited 1 branch of the dungeon, and saw 7 of its levels.

You collected 219 gold pieces.

Inventory:

Missiles
 a - 45 arrows
 k - 3 tomahawks (quivered)
Armour
 b - a +0 robe (melded)
 h - a cursed +0 helmet (melded)
 D - a +0 cloak (melded)
Wands
 j - a wand of slowing (33/48)
Scrolls
 e - a scroll of blinking {unknown}
 f - a scroll of immolation {unknown}
 g - a scroll of noise {unknown}
 i - 2 scrolls of teleportation {unknown}
 o - 2 scrolls of recharging {unknown}
 p - 2 scrolls of amnesia {unknown}
 q - a scroll of magic mapping {unknown}
 s - 2 scrolls of remove curse {unknown}
 w - a scroll of enchant armour {unknown}
 y - a scroll of enchant weapon {unknown}
 C - 2 scrolls of identify
Potions
 l - 2 potions of magic
 m - a potion of brilliance
 t - a potion of heal wounds
 u - a potion of lignification
 x - a potion of resistance
 z - a potion of agility
 B - a potion of flight {unknown}
Books
 c - a book of Changes

   Spells                             Type                      Level
   a - Beastly Appendage              Transmutation                1
   b - Sticks to Snakes               Transmutation                2
   c - Spider Form                    Transmutation/Poison         3
   d - Ice Form                       Ice/Transmutation            4
   e - Blade Hands                    Transmutation                5
Comestibles
 d - 2 bread rations
 n - a royal jelly
 r - 2 meat rations
 v - 3 chunks of flesh
 A - a slice of pizza


   Skills:
 - Level 1.0(0.6) Fighting
 * Level 3.3(2.9) Dodging
 * Level 3.4(3.0) Unarmed Combat
 - Level 2.0(1.5) Spellcasting
 + Level 5.6(5.2) Transmutations
 + Level 4.0(3.5) Invocations


You had 4 spell levels left.
You knew the following spells:

 Your Spells              Type           Power        Failure   Level  Hunger
a - Beastly Appendage     Tmut           ###...       10%         1    ##.....
b - Sticks to Snakes      Tmut           ###.....     14%         2    ###....
c - Spider Form           Tmut/Pois      #.........   52%         3    ####...


Dungeon Overview and Level Annotations

Branches:
Dungeon (7/15)             Temple (0/1) D:4

Altars:
Elyvilon
Makhleb
Nemelex Xobeh
Trog
Uskayaw
Yredelemnul
The Shining One

Shops:
D:5 (

Annotations:
D:5 p0werm0de's ghost, amateur DsFi


Innate Abilities, Weirdness & Mutations

((You have sharp toenails.))
You are significantly more attuned to the shadows.
You are immune to rotting.


Message History

You can now pass through a line of other dancers.
You completely miss the wight.
The wight is almost destroyed.
The wight barely misses you.
You hit the wight.
You destroy the wight!
Your base Invocations skill increases to level 4!
You bite the gnoll!
The gnoll is poisoned.
The gnoll is heavily wounded.
The gnoll hits you.
* * * LOW HITPOINT WARNING * * *
The wight misses you.
You hit the gnoll.
The gnoll is almost dead.
The gnoll hits you.
* * * LOW HITPOINT WARNING * * *
The wight hits you from afar with a spear of freezing.
* * * LOW HITPOINT WARNING * * *
You feel drained. The wight freezes you.
You die...

#####
#...####
#z#.[g.###
#g####z..#
#s# ###.###
#[# #..)##
#.# ###..##
#.# ##..##
#.#
######..##
#.#
##.[......###
#.#
#............
##.#
.....g....##.
#..#
..........#


You could see a wight and a gnoll.

Vanquished Creatures
  2 ogres (D:5)
  Dowan (D:4)
  2 wights (D:4)
  A howler monkey (D:4)
  A crimson imp (D:5)
  An orc priest (D:5)
  An orc wizard (D:5)
  A worker ant (D:5)
  A hound skeleton (D:4)
  6 gnolls (D:4)
  3 adders
  An ooze (D:5)
  2 adder skeletons
  2 worms
  A dart slug (D:3)
  A giant gecko (D:3)
  3 orcs
  A ball python (D:3)
  2 bats
  3 giant cockroaches
  7 goblins
  3 hobgoblins (D:1)
  5 jackals (D:1)
  2 kobolds
  3 quokkas
  2 giant newts (D:3)
  A quokka zombie (D:5)
  3 rats
62 creatures vanquished.

Vanquished Creatures (collateral kills)
  A worker ant (D:4)
  A worm (D:2)
2 creatures vanquished.

Grand Total: 64 creatures vanquished

Notes
Turn   | Place    | Note
-------+----------+-------------------------------------------
     0 | D:1      | Gruud the Demonspawn Transmuter began the quest for the Orb.
     0 | D:1      | Reached XP level 1. HP: 15/15 MP: 3/3
    76 | D:2      | Reached skill level 2 in Transmutations
   389 | D:1      | Gained mutation: You are slightly more attuned to the shadows. [demonic ancestry]
   389 | D:1      | Reached XP level 2. HP: 13/21 MP: 1/5
   814 | D:2      | Learned a level 2 spell: Sticks to Snakes
   881 | D:3      | Found a bloodstained altar of Trog.
   934 | D:4      | Reached skill level 3 in Transmutations
   934 | D:4      | Reached XP level 3. HP: 9/26 MP: 0/6
  1198 | D:3      | Found a basalt altar of Yredelemnul.
  1383 | D:2      | Found a hide-covered altar of Uskayaw.
  1394 | D:2      | Became a worshipper of Uskayaw the Reveler
  1638 | D:2      | Learned a level 3 spell: Spider Form
  1686 | D:3      | Found a glowing golden altar of the Shining One.
  1697 | D:4      | Found a staircase to the Ecumenical Temple.
  1727 | D:3      | Reached * piety under Uskayaw
  1735 | D:4      | Reached ** piety under Uskayaw
  1758 | D:4      | Noticed Dowan
  1783 | D:4      | Gained mutation: You have sharp toenails. [demonic ancestry]
  1783 | D:4      | Reached XP level 4. HP: 25/32 MP: 1/7
  1786 | D:4      | Reached *** piety under Uskayaw
  1787 | D:4      | Killed Dowan
  1787 | D:4      | Reached skill level 4 in Transmutations
  1787 | D:4      | Reached skill level 1 in Invocations
  1849 | D:4      | Gained mutation: You are significantly more attuned to the shadows. [demonic ancestry]
  1849 | D:4      | Reached XP level 5. HP: 28/37 MP: 4/8
  2013 | D:3      | Found a faded altar of an unknown god.
  2084 | D:3      | Found a white marble altar of Elyvilon.
  2202 | D:5      | Entered Level 5 of the Dungeon
  2209 | D:5      | Found Vacwuet's Weapon Emporium.
  2216 | D:5      | Noticed an ogre
  2229 | D:5      | Killed an ogre
  2229 | D:5      | Reached skill level 5 in Transmutations
  2229 | D:5      | Gained mutation: You are immune to rotting. [demonic ancestry]
  2229 | D:5      | Reached XP level 6. HP: 21/43 MP: 6/9
  2413 | D:5      | Reached **** piety under Uskayaw
  2437 | D:6      | Found a sparkling altar of Nemelex Xobeh.
  2658 | D:5      | Found a burning altar of Makhleb.
  2677 | D:5      | Noticed p0werm0de's ghost (amateur DsFi)
  2831 | D:5      | HP: 2/43 [poisoned by an adder]
  2839 | D:5      | HP: 1/43 [poisoned by an adder]
  3178 | D:5      | Reached XP level 7. HP: 40/48 MP: 6/10
  3431 | D:4      | HP: 2/48 [wight/spear of freezing (4)]
  3431 | D:4      | Slain by a wight

Vault maps used:
D:1:      saegor_arrival_simple_d
D:2:      eat_drink_and_be_merry_uskayaw
D:3:      kennysheep_ying_yang, tso_metal_star, first_bread, ecumenical_altar_2,
          trog_butcher_becter
D:4:      minmay_misc_feat_four_crosses, uniq_duvessa
D:5:      lemuel_doored_altar, serial_shops, shop
D:6:      lemuel_round_altar, nemelex_xobeh_ov_fountains_minmay,
          uniq_crazy_yiuf_cottage
D:7:      gammafunk_temple_overflow_forgotten, grunt_pakellas_basics

Skill      XL: |  1  2  3  4  5  6  7 |
---------------+----------------------+-----
Transmutations | 2 3 4 5 |  5.6
Invocations    | 1 3 4 |  4.0
Dodging        | 2 3 |  3.3
Unarmed Combat | 3 |  3.4
Fighting       | |  1.0
Spellcasting   | |  2.0

Action                   |  1- 3 |  4- 6 |  7- 9 || total
-------------------------+-------+-------+-------++-------
Melee: Unarmed           |   123 |   132 |    35 ||   290
       Kick              |    15 |    10 |     3 ||    28
       Headbutt          |     2 |       |       ||     2
       Punch             |     2 |     1 |       ||     3
 Cast: Beastly Appendage |    15 |       |       ||    15
       Sticks to Snakes  |     5 |     1 |       ||     6
       Spider Form       |     2 |    14 |     4 ||    20
  Use: Scroll            |     1 |     4 |       ||     5
       Potion            |     1 |       |       ||     1
 Stab: Sleeping          |     2 |     8 |     2 ||    12
       Paralysed         |       |     8 |       ||     8
  Eat: Chunk             |     4 |     6 |     2 ||    12
Armor: Robe              |    24 |     4 |     1 ||    29
       Skin              |     2 |     2 |     1 ||     5
Dodge: Dodged            |    98 |    81 |    25 ||   204
